 Dungeon Crawl Stone Soup version 0.29-a0-643-ga013cefcf8 (webtiles) character file.

Game seed: 14759195666814388045

18 IdlyInterested the Slasher (level 2, -2/22 HPs)
             Began as a Demonspawn Gladiator on June 19, 2022.
             Frozen to death by an endoplasm (4 damage)
             ... on level 1 of the Dungeon.
             The game lasted 00:01:09 (167 turns).

IdlyInterested the Slasher (Demonspawn Gladiator)    Turns: 167, Time: 00:01:09

Health: -2/22      AC:  4    Str: 14    XL:     2   Next: 48%
Magic:  2/2        EV: 12    Int:  9    God:
Gold:   17         SH:  0    Dex: 14    Spells: 1/1 levels left

rFire   . . .      SeeInvis .   a - +0 long sword
rCold   . . .      Faith    .   (no shield)
rNeg    . . .      Spirit   .   b - +0 leather armour
rPois   .          Reflect  .   c - +0 helmet
rElec   .          Harm     .   (no cloak)
rCorr   .          Rampage  .   (no gloves)
Will    .....                   (no boots)
Stlth   +.........              (no amulet)
HPRegen 0.07/turn               (no ring)
MPRegen 0.08/turn               (no ring)

@: no status effects
A: demonic magic 1
a: no special abilities


You were on level 1 of the Dungeon.
You visited 1 branch of the dungeon, and saw 1 of its levels.

You collected 17 gold pieces.

Inventory:

Hand Weapons
 a - a +0 long sword (weapon)
Missiles
 d - 2 throwing nets (quivered)
 e - a javelin
 f - 4 stones
Armour
 b - a +0 leather armour (worn)
 c - a +0 helmet (worn)


   Skills:
 - Level 2.0 Fighting
 * Level 3.1 Long Blades
 - Level 1.7 Throwing
 + Level 0.6 Armour
 - Level 3.0 Dodging


You had one spell level left.
You didn't know any spells.
Your spell library was empty.

Dungeon Overview and Level Annotations

Branches:
Dungeon (1/15)

Altars:


Innate Abilities, Weirdness & Mutations

Spells you cast may paralyse adjacent enemies.


Message History

The kobold throws a stone.
The stone closely misses you.
A gnoll comes into view. It is wielding a +1 spear of flaming.
The kobold hits you but does no damage.
The endoplasm quivers.
The gnoll shouts!
You hit the kobold.
You kill the kobold!
You have reached level 2!
Your demonic ancestry asserts itself...
A menacing aura infuses your magic. The gnoll barely misses you.
The gnoll hits you with a +1 spear of flaming!
The gnoll burns you.
You closely miss the gnoll. The gnoll closely misses you.
You slash the gnoll!
The gnoll is severely wounded.
The gnoll hits you with a +1 spear of flaming!
The gnoll burns you.
* * * LOW HITPOINT WARNING * * *
The gnoll hits you with a +1 spear of flaming.
* * * LOW HITPOINT WARNING * * *
The gnoll burns you.
* * * LOW HITPOINT WARNING * * *
Throw: 3 throwing nets
Press: ? - help, Shift-Dir - straight line, f - gnoll
Aim: a gnoll, wielding a +1 spear of flaming (severely wounded, 63% to hit)
You throw a throwing net. The throwing net hits the gnoll.
The gnoll is caught in the net!
The gnoll is severely wounded.
The gnoll struggles against the net.
You hit the gnoll.
You kill the gnoll!
Training target 3.0 for Dodging reached!
Your Long Blades skill increases to level 3!
Your Dodging skill increases to level 3!
Unknown command.
You barely miss the endoplasm. The endoplasm freezes you.
You are frozen.
You die...

#....# .#.♣♣8...8♣ ####....#
..♣.8..∩..8 ........#
♣.8....... #............#
♣♣..∩.<.∩. #............#
#..8....... #............#
#♣♣♣8..∩..8 #.........##.#
#♣..8...8♣ #.........##J#
#☼♣♣♣8.8.. #.........##@#
#§§♣♣..♣♣♣ #.........##.#
##♣§§♣...♣
#.........##.##########♣♣.♣♣#
######.............)......#
#..........)........##
#..................##
#..................#
#..................#
#......#############


You could see an endoplasm.

Vanquished Creatures
  A gnoll (D:1)
  A bat (D:1)
  A goblin (D:1)
  2 quokkas (D:1)
  A kobold (D:1)
  3 rats (D:1)
9 creatures vanquished.

Notes
Turn   | Place    | Note
-------+----------+-------------------------------------------
     0 | D:1      | IdlyInterested the Demonspawn Gladiator began the quest for
                  | the Orb.
     0 | D:1      | Reached XP level 1. HP: 16/16 MP: 1/1
   151 | D:1      | Gained mutation: Spells you cast may paralyse adjacent
                  | enemies. [demonic ancestry]
   151 | D:1      | Reached XP level 2. HP: 22/22 MP: 2/2
   167 | D:1      | Frozen to death by an endoplasm

Illustrated notes

Levels and vault maps discovered:
D:1:      heliophobic_arrival_enchanted_forest, layout_basic,
          shapermc_ecumenical_altar_venn, minmay_tetromino_s2

Skill      XL: |  1  2 |
---------------+-------+-----
Long Blades    | 3 |  3.1
Dodging        | 3 |  3.0
Fighting       | |  2.0
Throwing       | |  1.7
Armour         | |  0.6

Action                   || total
-------------------------++-------
Melee: Long sword        ||    29
Throw: Throwing net      ||     1
Armor: Leather armour    ||    15
Dodge: Dodged            ||    24

Table legend: (Time is in decaauts)
 A = Elapsed time spent in this place.
 B = Non-inter-level travel time spent in this place.
 C = Inter-level travel time spent in this place.
 D = Time resting spent in this place.
 E = Time spent auto-exploring this place.
 F = Levels seen in this place.
 G = Mean time per level.
                   A        B        C        D        E       F      G
               +--------+--------+--------+--------+--------+-----+--------+
         Total |    174 |    174 |      0 |      0 |     90 |   1 |  174.0 |
       Dungeon |    174 |    174 |      0 |      0 |     90 |   1 |  174.0 |
               +--------+--------+--------+--------+--------+-----+--------+

Top non-repeatable levels by time:
     D:1: 174 daAuts
